Map: Para Site LE

Players

Kozan

  • Race: Terran Terran
  • Spawn Location: 11:00

JonSnow - Winner!

  • Race: Zerg Zerg
  • Spawn Location: 5:00

Event: WCS Montreal 2018

VOD

Have the link to the VOD?

Description

Time

  • Played on: Sept. 7, 2018, 1 p.m.
  • Length: 22:58

All games in this series

Show
View Real Time Build Order
Export as new Build Order

Kozan Terran 

Build Orders: Hellion Opening, Reaper Expand, Mech 

Get SALT Encoding   

  12  0:01  SCV  
  13  0:13  SCV  
  14  0:17  Supply Depot  
  14  0:25  SCV  
  15  0:38  SCV  
  15  0:40  Barracks  
  16  0:44  Refinery  
  16  0:50  SCV  
  17  1:02  SCV  
  18  1:16  SCV  
  19  1:27  Reaper  
  19  1:28  Orbital Command  
  20  1:42  Command Center  
  20  1:51  Supply Depot  
  20  1:54  SCV  
  20  1:59  Marine  
  22  2:07  Factory  
  22  2:10  SCV  
  23  2:15  Refinery  
  23  2:22  SCV  
  24  2:24  Barracks Reactor  
  24  2:35  SCV  
  25  2:47  SCV  
  26  2:58  Starport  
  26  2:59  SCV  
  26  3:00  Orbital Command  
  27  3:08  Hellion x2  
  27  3:12  SCV  
  32  3:13  Barracks Tech Lab  
  31  3:29  Hellion x2  
  31  3:30  SCV x2  
  37  3:45  SCV x2  
  37  3:48  Raven  
  41  3:50  Hellion  
  41  3:51  Hellion  
  45  3:57  Supply Depot, SCV  
  46  4:16  Command Center  
  46  4:19  SCV x2  
  46  4:20  Supply Depot  
  48  4:31  SCV x2  
  50  4:32  Hellion x2  
  54  4:39  Factory  
  54  4:41  Factory  
  54  4:43  SCV x2  
  56  4:45  Starport Tech Lab  
  56  4:46  Supply Depot  
  56  4:47  Refinery  
  56  4:50  Refinery  
  56  4:55  SCV x2  
  56  5:07  SCV x2  
  56  5:11  Hellion x2  
  56  5:13  Armory  
  62  5:15  Armory  
  62  5:18  Starport Reactor  
  62  5:19  SCV  
  63  5:22  SCV  
  63  5:28  Supply Depot  
  67  5:31  SCV  
  67  5:35  Orbital Command  
  68  5:40  Siege Tank, Hellion  
  73  5:44  Hellion  
  72  5:56  SCV  
  71  6:07  Thor, Hellion  
  71  6:08  Medivac x2, Hellion  
  71  6:09  SCV  
  86  6:12  Orbital Command, SCV  
  87  6:20  Supply Depot  
  87  6:21  Supply Depot  
  87  6:24  Thor  
  93  6:36  Supply Depot, Terran Vehicle And Ship Armor Level 1, Terran Vehicle Weapons Level 1  
  93  6:37  Supply Depot  
  93  6:41  SCV x3  
  96  6:52  Siege Tank  
  96  6:53  SCV x2  
  99  7:00  Hellion x2  
  103  7:03  SCV  
  103  7:06  SCV  
  105  7:11  Siege Tank  
  105  7:15  Medivac x2  
  110  7:22  SCV x2  
  112  7:27  SCV, Factory  
  112  7:28  Refinery x2  
  113  7:33  Command Center  
  113  7:34  SCV  
  114  7:38  Hellion x3  
  114  7:39  SCV, Factory  
  121  7:44  Infernal Pre-Igniter  
  121  7:46  SCV x2  
  121  7:50  Supply Depot  
  123  7:53  Supply Depot  
  123  7:54  Supply Depot, Viking  
  123  7:56  SCV  
  123  7:57  Supply Depot  
  123  7:58  SCV  
  124  8:06  SCV  
  124  8:12  Siege Tank x2, Hellion, Factory Tech Lab  
  133  8:15  SCV x2, Hellion  
  137  8:23  Supply Depot x2, Viking  
  139  8:28  Viking  
  139  8:31  Factory Tech Lab  
  141  8:38  SCV  
  141  8:40  Siege Tank, Hellion x2  
  149  8:44  Siege Tank, Hellion  
  154  8:50  SCV x2  
  154  8:54  Hellion  
  158  9:05  Siege Tank  
  158  9:06  Thor x2  
  158  9:08  Refinery  
  161  9:16  Refinery  
  153  9:27  Siege Tank x2, Hellion  
  153  9:28  Siege Tank  
  162  9:37  Siege Tank, Hellion  
  164  9:47  Factory  
  164  9:48  Factory, Hellion  
  166  9:58  Hellion  
  166  9:59  Siege Tank x2  
  169  10:13  Siege Tank, Hellion  
  141  10:17  Siege Tank  
  141  10:20  Hellion  
  125  10:31  Siege Tank, Hellion  
  125  10:35  Hellion  
  130  10:41  Hellion  
  112  10:45  Siege Tank  
  112  10:46  SCV x2  
  112  10:47  SCV  
  112  10:49  Siege Tank  
  110  10:52  Siege Tank  
  110  10:56  Hellion x3  
  112  11:02  Hellion  
  112  11:03  Hellion  
  116  11:04  Viking x2  
  116  11:08  Refinery, Terran Vehicle Weapons Level 2  
  116  11:09  Engineering Bay  
  116  11:10  Refinery, Terran Vehicle And Ship Armor Level 2  
  117  11:12  SCV  
  117  11:17  Hellion x2  
  122  11:21  Hellion  
  124  11:29  Hellion x2  
  124  11:30  Hellion x2  
  132  11:36  SCV  
  132  11:37  SCV  
  130  11:50  Hellion x2  
  130  11:51  Thor  
  130  11:52  Cyclone x3, Hellion  
  130  11:53  Hellion, Viking x2  
  149  11:54  SCV x2  
  151  12:02  Planetary Fortress  
  151  12:12  Siege Tank, Hellion  
  156  12:19  Siege Tank  
  159  12:35  SCV x2  
  140  12:40  Siege Tank x2  
  140  12:41  SCV  
  134  12:45  Siege Tank  
  134  12:46  Hellion  
  134  12:47  Hellion x3  
  134  12:48  SCV x2  
  134  12:51  Siege Tank, SCV  
  144  12:53  SCV  
  144  13:00  SCV  
  144  13:03  SCV  
  144  13:05  Viking  
  144  13:07  Hellion  
  144  13:12  Siege Tank x2  
  148  13:16  SCV  
  148  13:17  Siege Tank  
  148  13:19  Hellion, Medivac  
  158  13:20  Hellion x2  
  158  13:22  SCV x3, Command Center  
  158  13:23  Hellion  
  160  13:29  Hellion  
  158  13:34  SCV, Medivac  
  158  13:36  SCV  
  158  13:41  Hellion x3  
  164  14:05  Supply Depot x2  
  164  14:12  Factory Reactor  
  164  14:17  Command Center  
  163  14:26  Siege Tank, Hellion  
  163  14:27  Siege Tank x2, Hellion x3, Viking  
  158  14:48  Siege Tank, Hellion x2  
  154  14:57  Hellion  
  154  14:58  Siege Tank  
  154  14:59  Siege Tank x2  
  163  15:02  Liberator x2, Hellion  
  163  15:03  Hellion  
  155  15:09  Hellion  
  155  15:10  Hellion  
  144  15:18  Hellion  
  144  15:21  Hellion  
  151  15:24  Hellion  
  153  15:29  Command Center  
  153  15:30  Siege Tank  
  150  16:01  Siege Tank x2, Hellion  
  158  16:23  Siege Tank  
  151  16:33  Siege Tank x2  
  151  16:34  Hellion  
  149  16:59  Siege Tank, Hellion x4  
  149  17:00  Hellion x2  
  153  17:21  Siege Tank x2, Hellion x3  
  160  17:50  Siege Tank x2, Hellion x3  
  160  17:51  Hellion  
  171  17:53  Siege Tank  
  163  18:03  Siege Tank, Hellion  
  159  18:09  Command Center  
  159  18:17  Command Center  
  159  18:19  Hellion x3  
  161  18:22  Siege Tank x2, SCV x2  
  161  18:25  Siege Tank  
  168  18:35  Siege Tank, Refinery  
  168  18:40  Refinery  
  144  19:08  Sensor Tower, Hellion x3  
  144  19:09  Hellion x2  
  149  19:17  Refinery, SCV  
  149  19:25  Planetary Fortress  
  137  19:48  SCV x2  
  139  19:53  SCV  
  138  20:00  SCV  
  138  20:02  Siege Tank  
  138  20:03  Siege Tank, Hellion x2  
  146  20:09  SCV  
  146  20:10  SCV  
  146  20:12  SCV  
  149  20:27  Siege Tank  
  149  20:28  Hellion  
  154  20:41  Planetary Fortress  
  154  20:42  SCV x3  
  157  20:46  Sensor Tower  
  155  20:57  Hellion x3  
  117  21:31  Siege Tank x3, Hellion x2  
  102  21:38  Siege Tank  
  102  21:39  Hellion  
  107  22:02  Hellion x2  
  107  22:03  Siege Tank x2  
  107  22:08  Medivac x2  
  105  22:18  Siege Tank  
  105  22:19  Siege Tank  
  71  22:35  Hellion  
Show
View Real Time Build Order
Export as new Build Order

JonSnow Zerg - Winner!

Build Orders: Hatch First, Swarm Host 

Get SALT Encoding   

  12  0:00  Drone  
  13  0:10  Drone  
  14  0:19  Overlord  
  14  0:22  Extractor  
  14  0:23  Drone  
  15  0:38  Drone  
  16  0:50  Hatchery  
  16  0:53  Drone  
  16  1:00  Drone  
  17  1:12  Spawning Pool  
  17  1:15  Drone  
  17  1:18  Drone  
  18  1:22  Extractor  
  17  1:36  Drone  
  18  1:41  Drone  
  19  1:54  Overlord  
  19  1:58  Drone  
  19  1:59  Drone  
  19  2:01  Queen x2  
  21  2:04  Zergling x2  
  26  2:10  Zergling x2  
  26  2:13  Zergling x2  
  28  2:22  Metabolic Boost  
  28  2:25  Drone x2  
  30  2:32  Extractor  
  30  2:33  Drone  
  30  2:36  Drone  
  31  2:40  Queen  
  31  2:43  Overlord  
  33  2:48  Drone  
  34  2:55  Extractor  
  34  2:58  Drone x2  
  37  3:08  Hatchery  
  36  3:22  Drone x8  
  43  3:36  Overlord  
  42  3:50  Overlord, Drone  
  42  3:54  Queen  
  45  3:57  Extractor x2  
  45  3:58  Lair  
  45  4:00  Drone x8  
  51  4:11  Baneling Nest  
  51  4:13  Zergling x2  
  51  4:14  Zergling x4  
  52  4:18  Drone  
  52  4:19  Spore Crawler  
  52  4:23  Drone x2  
  52  4:24  Queen  
  54  4:25  Drone x2  
  54  4:28  Drone x2  
  54  4:29  Drone x2  
  62  4:32  Drone  
  63  4:40  Drone x2, Evolution Chamber  
  63  4:41  Drone  
  63  4:43  Zergling x2, Evolution Chamber  
  59  5:00  Centrifical Hooks  
  59  5:01  Overseer  
  59  5:05  Overlord x2  
  58  5:11  Zerg Melee Weapons Level 1  
  58  5:17  Overlord  
  58  5:20  Zerg Ground Armor Level 1  
  58  5:21  Overlord  
  58  5:23  Queen  
  58  5:25  Zergling x8  
  58  5:26  Drone  
  58  5:27  Drone x3  
  68  5:31  Queen  
  68  5:34  Drone x2  
  72  5:41  Drone x5  
  72  5:42  Baneling x2  
  77  5:43  Baneling  
  77  5:46  Drone x2  
  79  5:54  Zergling x8  
  83  5:59  Drone x4  
  83  6:02  Zergling x2  
  80  6:10  Drone x2  
  81  6:13  Drone  
  81  6:17  Hydralisk Den  
  81  6:20  Drone x5  
  81  6:22  Queen  
  81  6:23  Extractor  
  81  6:24  Extractor  
  86  6:27  Drone  
  86  6:29  Extractor  
  86  6:33  Zergling x2  
  86  6:34  Zergling x4  
  86  6:39  Hatchery  
  88  6:41  Overlord  
  88  6:42  Infestation Pit  
  87  6:50  Zergling x10  
  87  6:53  Baneling x2  
  87  6:54  Baneling x4  
  89  6:55  Baneling  
  89  6:57  Zergling x2  
  89  6:58  Zergling x2  
  89  7:00  Drone x2  
  89  7:01  Drone x3  
  95  7:05  Drone x4  
  95  7:07  Zerg Missile Weapons Level 1  
  98  7:18  Zerg Melee Weapons Level 2  
  98  7:27  Muscular Augments  
  98  7:29  Overlord x3  
  98  7:39  Baneling x2  
  98  7:46  Overlord  
  98  7:47  Overlord x2, Hatchery  
  98  7:48  Extractor  
  98  7:49  Hydralisk x5  
  106  7:52  Extractor  
  106  7:58  Swarm Host x5  
  118  8:06  Swarm Host  
  118  8:07  Swarm Host  
  118  8:11  Drone x2  
  118  8:12  Hydralisk, Drone x5  
  130  8:19  Zergling x4  
  132  8:28  Swarm Host  
  132  8:29  Swarm Host x2  
  132  8:31  Drone x2  
  140  8:35  Queen  
  140  8:39  Hydralisk x2  
  144  8:46  Hydralisk x3  
  144  8:47  Zergling x2  
  151  8:50  Overlord  
  151  8:51  Overlord  
  151  8:58  Overlord  
  151  8:59  Hive  
  150  9:03  Drone x2  
  150  9:04  Drone x5  
  153  9:18  Hydralisk x3  
  153  9:19  Hydralisk x3  
  153  9:20  Zergling x6  
  159  9:24  Hydralisk x3  
  159  9:25  Zergling x2  
  159  9:27  Baneling  
  159  9:29  Zergling x4  
  168  9:37  Hydralisk  
  168  9:38  Hydralisk x3  
  164  9:39  Zergling x2  
  164  9:44  Swarm Host x2  
  173  9:49  Baneling x2  
  173  9:50  Baneling x5  
  171  9:56  Overlord x2  
  167  10:12  Hydralisk x3  
  167  10:13  Zergling x2  
  152  10:15  Hydralisk x3  
  152  10:18  Zergling x24  
  149  10:26  Hydralisk x2  
  140  10:31  Hydralisk x3  
  140  10:32  Zergling x2  
  138  10:36  Hydralisk x2  
  138  10:38  Hydralisk  
  138  10:39  Zergling x2  
  133  10:43  Hydralisk  
  133  10:47  Drone  
  122  10:54  Drone x3  
  122  10:55  Drone  
  126  10:59  Zerg Missile Weapons Level 2  
  126  11:00  Hatchery  
  126  11:04  Extractor x2  
  124  11:08  Drone x3  
  124  11:10  Queen  
  124  11:12  Zerg Melee Weapons Level 3  
  124  11:14  Drone x2  
  126  11:21  Swarm Host  
  126  11:22  Swarm Host x2  
  129  11:27  Swarm Host  
  129  11:29  Overlord x2  
  132  11:38  Baneling x4, Hydralisk  
  132  11:39  Baneling  
  134  11:40  Zergling x18  
  142  11:49  Drone  
  142  11:50  Drone x6  
  148  11:55  Overlord  
  148  11:57  Swarm Host  
  148  11:59  Grooved Spines  
  148  12:01  Baneling x3  
  151  12:03  Swarm Host x2  
  157  12:10  Swarm Host x2  
  157  12:15  Baneling x3  
  163  12:27  Hydralisk x5  
  163  12:28  Zergling x2  
  173  12:36  Drone x11  
  169  12:39  Hydralisk  
  169  12:40  Zergling x2  
  157  12:45  Queen  
  157  12:48  Drone x3  
  151  12:55  Hydralisk x2  
  154  12:59  Swarm Host x2  
  151  13:06  Hydralisk x2  
  154  13:14  Swarm Host  
  154  13:15  Hydralisk x3  
  163  13:20  Hydralisk x2  
  163  13:21  Hydralisk  
  169  13:28  Drone  
  169  13:30  Drone x4  
  174  13:36  Hydralisk x2  
  174  13:37  Hydralisk  
  180  13:43  Hydralisk x4  
  183  13:58  Overlord x2  
  181  14:03  Overlord x2, Hatchery  
  181  14:06  Spine Crawler  
  179  14:17  Extractor  
  179  14:20  Zergling x22  
  189  14:27  Extractor  
  189  14:29  Zergling x12  
  189  14:31  Hydralisk  
  194  14:35  Zergling x2  
  194  14:36  Zergling x4  
  197  14:41  Baneling x10  
  170  14:47  Hydralisk  
  170  14:48  Zergling x2  
  157  14:53  Drone x2  
  157  14:59  Drone x2  
  138  15:05  Drone  
  134  15:12  Drone  
  134  15:16  Overseer  
  134  15:28  Hydralisk x2  
  134  15:29  Hydralisk  
  134  15:34  Drone x2  
  142  15:45  Baneling x2  
  137  15:59  Drone  
  137  16:00  Drone x2  
  140  16:05  Drone x3  
  143  16:14  Swarm Host  
  143  16:15  Swarm Host x6  
  143  16:16  Zergling x2  
  143  16:17  Zergling x2  
  166  16:20  Hydralisk  
  166  16:21  Zergling x2  
  166  16:23  Zergling x2  
  170  16:29  Zergling x10  
  169  16:34  Zergling x6  
  169  16:38  Zergling x6  
  167  16:42  Zergling x2  
  167  16:44  Hydralisk x2  
  172  16:48  Hydralisk  
  172  16:49  Zergling x2  
  157  17:12  Hydralisk x4  
  157  17:13  Zergling x2, Hydralisk  
  168  17:18  Hatchery  
  165  17:25  Baneling x14  
  165  17:42  Drone x5  
  165  17:43  Drone x4  
  172  17:53  Overlord  
  172  17:54  Overlord  
  171  18:00  Hydralisk x2  
  171  18:01  Zergling x2  
  174  18:17  Hydralisk x5  
  174  18:18  Zergling x2  
  180  18:42  Swarm Host x6  
  180  18:45  Zerg Missile Weapons Level 3  
  197  18:52  Zergling x6  
  198  19:01  Drone  
  198  19:02  Drone x5  
  186  19:03  Drone  
  183  19:16  Hatchery  
  180  19:26  Zergling x2  
  180  19:27  Zergling x16  
  182  19:40  Zergling x10  
  182  19:43  Baneling  
  186  19:48  Hydralisk x4  
  186  19:49  Zergling x4  
  196  19:58  Extractor  
  190  20:01  Zergling x10  
  190  20:05  Hydralisk x2  
  185  20:09  Baneling x6  
  185  20:18  Hydralisk x2  
  185  20:19  Zergling x2  
  188  20:28  Zergling x2  
  188  20:29  Zergling x14  
  196  20:39  Hydralisk x2  
  196  20:40  Zergling x2  
  196  20:47  Drone x2  
  196  20:48  Drone  
  196  20:49  Extractor  
  197  20:51  Extractor  
  194  20:59  Baneling x6  
  190  21:06  Zergling x2  
  186  21:19  Hydralisk x3  
  186  21:20  Zergling x16  
  186  21:25  Zergling x2  
  194  21:29  Drone x6  
  194  21:37  Drone x4  
  186  21:49  Drone x5  
  186  21:52  Drone x3  
  186  21:53  Drone x2  
  196  21:59  Baneling  
  196  22:00  Baneling x5  
  188  22:16  Hydralisk  
  188  22:17  Zergling x2  
  188  22:18  Zergling x18  
  196  22:28  Zergling x14  
  195  22:35  Spine Crawler  
  193  22:38  Drone x3  
  193  22:40  Zergling x6  
Tags
 
Add a new tag
Caveats
  • Supply blocks, unpowered buildings, or Contaminate may cause inaccurate times.
  • Supply counts are checked every 10 seconds.